 Dungeon Crawl Stone Soup version 0.27.0-1-g7a089689b8 (webtiles) character file.

Game seed: 14089454435943631618

8247 lnt the Cleaver (level 11, 0/95 HPs)
             Began as a Minotaur Berserker on Aug 4, 2021.
             Was an Elder of Trog.
             Slain by Snorg (7 damage)
             ... on level 11 of the Dungeon.
             The game lasted 00:45:48 (12097 turns).

lnt the Cleaver (Minotaur Berserker)               Turns: 12097, Time: 00:45:48

Health: 0/95       AC: 17    Str: 22    XL:     11   Next: 7%
Magic:  10/10      EV:  5    Int:  4    God:    Trog [****..]
Gold:   685        SH: 10    Dex: 13    Spells: 10/10 levels left

rFire    . . .     SeeInvis .   J - +2 war axe (elec)
rCold    + . .     Faith    .   L - +0 kite shield
rNeg     . . .     Spirit   .   h - +0 plate armour
rPois    .         Reflect  .   (helmet restricted)
rElec    .         Harm     .   c - +0 cloak
rCorr    .         Rampage  .   w - +0 pair of gloves
Will     .....                  (no boots)
Stlth    ..........             (no amulet)
HPRegen  0.25/turn              u - ring of protection from cold
MPRegen  0.12/turn              (no ring)

@: about to teleport, on berserk cooldown, slowed, very slow
A: horns 2, retaliatory headbutt
a: Renounce Religion, Berserk, Trog's Hand, Brothers in Arms


You were on level 11 of the Dungeon.
You worshipped Trog.
Trog was greatly pleased with you.
You visited 1 branch of the dungeon, and saw 11 of its levels.

You collected 685 gold pieces.

Inventory:

Hand Weapons
 a - a +0 hand axe
 q - a +0 war axe
 D - a +3 battleaxe
 J - a +2 war axe of electrocution (weapon)
Missiles
 d - 435 stones
 e - 7 javelins
 l - 24 poisoned darts (quivered)
 E - 3 throwing nets
 G - 7 boomerangs of dispersal
Armour
 c - a +0 cloak (worn)
 h - a +0 plate armour (worn)
 i - +0 acid dragon scales
 w - a +0 pair of gloves (worn)
 L - a +0 kite shield (worn)
Jewellery
 n - an amulet of faith
 u - a ring of protection from cold (left hand)
 F - a ring of flight
 N - a +6 ring of strength
Wands
 y - a wand of paralysis (3)
 C - a wand of acid (8)
Scrolls
 f - a scroll of teleportation
 g - 7 scrolls of identify
 j - 3 scrolls of blinking {unknown}
 m - 2 scrolls of fog {unknown}
 p - a scroll of enchant armour {unknown}
 r - a scroll of fear {unknown}
 t - 3 scrolls of noise {unknown}
 v - 2 scrolls of brand weapon {unknown}
 I - a scroll of enchant weapon {unknown}
 K - 2 scrolls of immolation {unknown}
 M - a scroll of summoning {unknown}
 O - a scroll of silence {unknown}
Potions
 b - a potion of attraction
 k - 2 potions of cancellation
 s - 5 potions of curing
 x - 3 potions of brilliance
 z - a potion of magic
 A - a potion of might {unknown}
 B - 2 potions of lignification {unknown}
 H - 3 potions of heal wounds {unknown}


   Skills:
 * Level 8.8 Fighting
 + Level 14.7 Axes
 - Level 10.9 Armour
 - Level 2.1 Dodging
 + Level 3.8 Shields


You had 10 spell levels left.
You didn't know any spells.
Your spell library was empty.

Dungeon Overview and Level Annotations

Branches:
Dungeon (11/15)            Temple (0/1) D:6            Lair (0/6) D:8
    Orc (0/2) D:10

Altars:
Dithmenos
Fedhas
Makhleb
Okawaru
Sif Muna
Uskayaw
Vehumet
Wu Jian
Xom
Yredelemnul
Zin
The Shining One

Annotations:
D:4 !Jessica, exclusion: statue
D:7 3 runed translucent doors, ystael's ghost, novice MiFi
D:11 Snorg


Innate Abilities, Weirdness & Mutations

You have a pair of horns on your head.
You reflexively headbutt those who attack you in melee.


Message History

Okay, then.
Snorg rages.
You block Snorg's attack. x2; Snorg claws you.
You block Snorg's attack. x2; Snorg claws you!
Snorg bites you but does no damage. Snorg claws you but does no damage. x2
There is a stone staircase leading down here.
You block Snorg's attack. Snorg claws you. Snorg claws you but does no damage.
You block Snorg's attack. Snorg claws you! Snorg claws you.
Snorg barely misses you. You block Snorg's attack. x2
Snorg bites you!! Snorg claws you. Snorg claws you but does no damage.
You feel better. Snorg bites you. Snorg claws you! You block Snorg's attack.
A red film seems to cover your vision as you go berserk!
You feel yourself moving faster!
You feel mighty! Snorg bites you. Snorg claws you but does no damage.
You block Snorg's attack. x2
Snorg claws you. You block Snorg's attack.
You slice Snorg!!
Snorg is moderately wounded.
You slice Snorg!!
Snorg is moderately wounded.
Snorg bites you. Snorg claws you!
* * * LOW HITPOINT WARNING * * *
Snorg claws you!
* * * LOW HITPOINT WARNING * * *
You closely miss Snorg. Your headbutt misses Snorg.
Snorg is moderately wounded.
Snorg bites you.
* * * LOW HITPOINT WARNING * * *
You block Snorg's attack. Snorg claws you!
* * * LOW HITPOINT WARNING * * *
You are too berserk!
You block Snorg's attack. Snorg claws you but does no damage. Snorg claws you.
* * * LOW HITPOINT WARNING * * *
You feel a strong urge to attack something.
You feel your anger nearly subside.
You are no longer berserk.
You are exhausted.
You feel yourself slow down.
As you read the scroll of teleportation, it crumbles to dust.
You feel strangely unstable. Snorg barely misses you. You furiously retaliate!
You headbutt Snorg! Snorg claws you!
You die...

...)...###..#..............###
............#.................
......#.##.##.##........[..###
..... #).#.....+..............
.### ##)####.##............##
#..# #.##..............
##.###.##......(.......
#..##.##...........###
##.##@#####.......... #.##T##
#.#####.### #.....####.# .#
#..........# # #.....######
#.....###### #..........#
..... ####).#####.# .(..
#.....#


You could see Snorg (berserk).

Vanquished Creatures
  Harold (D:7)
  Pikel (D:8)
  Joseph (D:8)
  A kobold demonologist (D:10)
  2 trolls
  Prince Ribbit (D:9)
  A wraith (D:9)
  13 yaks
  Menkaure (D:4)
  A water moccasin (D:7)
  2 acid dragons
  An ice beast (D:7)
  A black bear (D:8)
  5 necrophages (D:6)
  A sky beast (D:6)
  7 orc warriors
  An ogre (D:5)
  3 centaurs
  The ghost of fiver49 the Slasher, an amateur FoWr (D:3)
  2 lemures (D:8)
  2 scorpions
  A gnoll sergeant (D:9)
  5 howler monkeys
  A wight (D:6)
  2 centaur zombies
  2 bullfrog zombies (D:6)
  3 jellies
  2 hounds
  Crazy Yiuf (D:2)
  8 orc priests
  A bullfrog skeleton (D:5)
  A human zombie (D:6)
  Jessica (D:6)
  2 iguanas
  4 orc wizards
  3 killer bee zombies
  A hound zombie (D:5)
  A hound skeleton (D:5)
  A mummy (D:6)
  A howler monkey zombie (D:6)
  6 gnolls
  2 howler monkey skeletons
  7 adders
  2 river rats (D:3)
  A white imp (D:5)
  An adder zombie (D:5)
  A worm (D:2)
  A dart slug (D:1)
  52 orcs
  6 bats
  9 endoplasms
  4 giant cockroaches
  5 goblins
  5 hobgoblins
  4 jackals (D:4)
  3 quokkas
  7 ball pythons
  5 frilled lizards
  6 kobolds
  5 rats
222 creatures vanquished.

Vanquished Creatures (others)
  2 fungi (D:7)
  2 plants (D:7)
4 creatures vanquished.

Grand Total: 226 creatures vanquished

Notes
Turn   | Place    | Note
-------+----------+-------------------------------------------
     0 | D:1      | lnt the Minotaur Berserker began the quest for the Orb.
     0 | D:1      | Reached XP level 1. HP: 19/19 MP: 0/0
   163 | D:1      | Reached skill level 4 in Axes
   624 | D:1      | Reached XP level 2. HP: 26/26 MP: 1/1
  1064 | D:2      | Reached skill level 5 in Axes
  1096 | D:2      | Reached XP level 3. HP: 30/31 MP: 2/2
  1266 | D:2      | Reached ** piety under Trog
  1608 | D:2      | Found a runed translucent door.
  1609 | D:2      | Noticed Crazy Yiuf
  1684 | D:2      | Killed Crazy Yiuf
  1685 | D:2      | Reached skill level 6 in Axes
  1685 | D:2      | Reached XP level 4. HP: 39/39 MP: 3/3
  2021 | D:3      | Found a runed translucent door.
  2048 | D:3      | Noticed fiver49's ghost (amateur FoWr)
  2061 | D:3      | Killed fiver49's ghost
  2062 | D:3      | Reached skill level 7 in Axes
  2062 | D:3      | Reached XP level 5. HP: 45/45 MP: 4/4
  2098 | D:3      | Found a runed translucent door.
  2127 | D:3      | Found a shimmering altar of Xom.
  2178 | D:3      | Found an iron altar of Okawaru.
  2430 | D:3      | Reached skill level 8 in Axes
  2496 | D:3      | Reached XP level 6. HP: 51/51 MP: 5/5
  2736 | D:3      | Noticed Jessica
  2814 | D:3      | Found a shimmering blue altar of Sif Muna.
  3241 | D:4      | Reached *** piety under Trog
  3507 | D:4      | Found a radiant altar of Vehumet.
  3526 | D:4      | Noticed Menkaure
  3534 | D:4      | Killed Menkaure
  3535 | D:4      | Reached skill level 9 in Axes
  3879 | D:5      | Entered Level 5 of the Dungeon
  4000 | D:5      | Reached XP level 7. HP: 57/57 MP: 6/6
  4191 | D:5      | Found a blossoming altar of Fedhas.
  4603 | D:5      | Reached skill level 10 in Axes
  5619 | D:6      | Reached skill level 11 in Axes
  5619 | D:6      | Reached XP level 8. HP: 33/64 MP: 7/7
  5823 | D:6      | Killed Jessica
  5863 | D:6      | Found a staircase to the Ecumenical Temple.
  5932 | D:6      | Reached skill level 5 in Armour
  6192 | D:6      | Found a basalt altar of Yredelemnul.
  6199 | D:6      | Reached skill level 12 in Axes
  6330 | D:6      | Found a glowing silver altar of Zin.
  6468 | D:7      | Found a runed translucent gate.
  6468 | D:7      | Found a runed translucent gate.
  6468 | D:7      | Found a runed translucent gate.
  6468 | D:7      | Noticed a kobold demonologist
  6472 | D:7      | Noticed ystael's ghost (novice MiFi)
  6605 | D:7      | Noticed Harold
  6615 | D:7      | Killed Harold
  6616 | D:7      | Reached skill level 13 in Axes
  6616 | D:7      | Reached XP level 9. HP: 70/70 MP: 8/8
  8309 | D:8      | Found a glowing golden altar of the Shining One.
  8804 | D:8      | Found a staircase to the Lair.
  8829 | D:8      | Noticed Pikel
  8832 | D:8      | Noticed Joseph
  8837 | D:8      | Killed Pikel
  8838 | D:8      | Reached skill level 5 in Fighting
  8838 | D:8      | Reached XP level 10. HP: 81/81 MP: 9/9
  8844 | D:8      | Killed Joseph
  9323 | D:9      | Noticed Prince Ribbit
  9329 | D:9      | Killed Prince Ribbit
  9330 | D:9      | Reached skill level 14 in Axes
  9330 | D:9      | Reached skill level 10 in Armour
  9608 | D:8      | Reached **** piety under Trog
 10014 | D:8      | Reached skill level 1 in Shields
 10393 | D:9      | Found a shadowy altar of Dithmenos.
 10394 | D:9      | Found a burning altar of Makhleb.
 10432 | D:10     | Entered Level 10 of the Dungeon
 11132 | D:10     | Found a staircase to the Orcish Mines.
 11356 | D:10     | Found a hide-covered altar of Uskayaw.
 11488 | D:10     | Found an ornate altar of the Wu Jian Council.
 11496 | D:10     | Reached XP level 11. HP: 93/95 MP: 10/10
 12051 | D:11     | Noticed Snorg
 12097 | D:11     | Slain by Snorg

Illustrated notes

Levels and vault maps discovered:
D:1:      roderic_crossed_star, layout_basic, hex_medium, dk_noncrumbling_3,
          nrook_mini_vaults
D:2:      layout_basic, uniq_crazy_yiuf_cottage
D:3:      layout_basic, lemuel_coloured_pillars_altar, xom_teletrap_fun,
          tgw_sif, ebering_ghost_sewer_f, minmay_statues_item
D:4:      layout_loops_ring, vehumet_statue,
          hangedman_abyss_or_decor_lesser_grid, chequers_serial_rivers_small_a,
          uniq_menkaure
D:5:      layout_basic, kennysheep_little_box, minmay_pentangle
D:6:      layout_rooms, lemuel_mausoleum_altar_yredelemnul, zin_statuary,
          temple_doors_e, minmay_stone_trees_medium, kennysheep_diamond
D:7:      layout_basic, gammafunk_ghost_nasty_kobolds, uniq_harold
D:8:      layout_gridville, nicolae_overflow_crystal_walls, lair_entry_dummy,
          uniq_pikel, uniq_joseph
D:9:      layout_rooms, gammafunk_temple_overflow_pools, uniq_prince_ribbit1
D:10:     layout_rooms, mainiacjoe_overflow_alcove_2,
          nicolae_wu_jian_glorious_leap, david_orc_2, special_room
          [special_room_orc]
D:11:     layout_basic, uniq_snorg

Skill      XL: |  1  2  3  4  5  6  7  8  9 10 |
---------------+-------------------------------+-----
Axes           | 4 5 6 7 8 9 11 13 14 | 14.7
Armour         | 4 7 9 10 | 10.9
Fighting       | 5 8 |  8.8
Shields        | 3 |  3.8
Dodging        | |  2.1

Action                   |  1- 3 |  4- 6 |  7- 9 | 10-12 || total
-------------------------+-------+-------+-------+-------++-------
Melee: Hand axe          |    71 |    90 |       |       ||   161
       Headbutt          |    16 |    20 |    41 |    31 ||   108
       War axe           |       |    45 |   115 |   142 ||   302
       Battleaxe         |       |       |    97 |    15 ||   112
Throw: Stone             |     2 |     6 |    10 |       ||    18
       Dart              |       |       |       |    27 ||    27
Invok: Berserk           |     2 |     4 |     8 |     6 ||    20
       Trog's Hand       |       |     3 |     5 |     2 ||    10
Evoke: Wand              |       |       |     6 |     1 ||     7
  Use: Scroll            |       |       |     9 |     1 ||    10
       Potion            |       |       |     2 |     2 ||     4
 Stab: Paralysed         |       |       |     1 |       ||     1
Armor: Animal skin       |     4 |       |       |       ||     4
       Plate armour      |    26 |    66 |   137 |    85 ||   314
Dodge: Dodged            |    33 |    17 |    50 |    35 ||   135
Block: Kite shield       |       |       |       |    67 ||    67
